 Dungeon Crawl Stone Soup version 0.30-a0-556-g0a0f5a245f (webtiles) character file.

Game seed: 238101110933790118

23 M4edhros the Charlatan (level 2, -1/18 HPs)
             Began as an Octopode Artificer on Dec 26, 2022.
             Slain by an adder (3 damage)
             ... on level 2 of the Dungeon.
             The game lasted 00:00:15 (145 turns).

M4edhros the Charlatan (Octopode Artificer)          Turns: 145, Time: 00:00:16

Health: -1/18      AC:  1    Str: 11    XL:     2   Next: 95%
Magic:  2/2        EV: 13    Int: 13    God:
Gold:   5          SH:  0    Dex: 12    Spells: 1/1 levels left

rFire   . . .      SeeInvis .      - Unarmed
rCold   . . .      Faith    .    (no shield)
rNeg    . . .      Spirit   .    (helmet restricted)
rPois   .          Reflect  .    (no amulet)
rElec   .          Harm     .    (no ring)
rCorr   .          Rampage  .    (no ring)
Will    .....                    (no ring)
Stlth   +++                      (no ring)
HPRegen 0.23/turn                (no ring)
MPRegen 0.08/turn                (no ring)
                                 (no ring)
                                 (no ring)

@: no status effects
A: almost no armour, amphibious, 8 rings, camouflage 1, gelatinous body 1,
(nimble swimmer 1), tentacles
a: no special abilities


You were on level 2 of the Dungeon.
You visited 1 branch of the dungeon, and saw 2 of its levels.

You collected 5 gold pieces.

Inventory:

Wands
 b - a wand of flame (15) (quivered)
 c - a wand of charming (15)
 d - a wand of iceblast (5)
Scrolls
 e - a scroll of fog {unknown}
 f - a scroll of teleportation {unknown}
Potions
 a - a potion of ambrosia {unknown}


   Skills:
 + Level 1.3 Fighting
 + Level 2.6 Dodging
 + Level 2.0 Stealth
 * Level 1.2 Unarmed Combat
 + Level 3.4 Evocations


You had one spell level left.
You didn't know any spells.
Your spell library was empty.

Dungeon Overview and Level Annotations

Branches:
Dungeon (2/15)

Altars:


Innate Abilities, Weirdness & Mutations

You cannot wear most types of armour.
You are amphibious.
You can wear up to eight rings at the same time.
Your skin changes colour to match your surroundings (Stealth+).
Your rubbery body absorbs attacks. (AC +1, EV +1)
((You are camouflaged when in or above water. (Stealth+)))
You have tentacles for arms and can constrict up to eight enemies at once.


Message History

You swing at nothing.
An adder comes into view.
You swing at nothing.
You swing at nothing.
The adder hisses angrily.
You miss the jackal. You grab the jackal. You constrict the jackal.
The jackal barely misses you.
An adder comes into view.
The adder hisses angrily.
You tentacle-slap the jackal but do no damage.
The jackal is moderately wounded.
You constrict the jackal.
You hear an angry hiss.
A goblin comes into view. It is wielding a +0 club.
The jackal bites you.
You tentacle-slap the jackal.
You kill the jackal!
The jackal closely misses you.
You tentacle-slap the jackal but do no damage.
You grab the jackal. You squeeze the jackal.
The jackal is lightly wounded.
You constrict the jackal. The jackal bites you.
You tentacle-slap the jackal.
The jackal is severely wounded.
You constrict the jackal. The jackal bites you.
* * * LOW HITPOINT WARNING * * *
A goblin comes into view. It is wielding a +0 dagger.
You tentacle-slap the jackal.
You kill the jackal!
Your Unarmed Combat skill increases to level 1!
You barely miss the adder. Your grab misses the adder. You squeeze the adder!
You kill the adder!
Your Stealth skill increases to level 2!
You miss the adder. Your grab misses the adder. The adder bites you.
* * * LOW HITPOINT WARNING * * *
The adder bites you but does no damage.
You tentacle-slap the adder. You grab the adder. Your squeeze misses the adder.
The adder is lightly wounded.
You constrict the adder. The adder bites you.
You die...

...
...
#.#
#.#
#g#
#g#
#S#
#@#
#.#
#.#
#.#
#.#
#>#
#.#
#.#


You could see an adder and 2 goblins.

Vanquished Creatures
  A gnoll (D:1)
  An adder (D:2)
  2 jackals (D:2)
  2 kobolds (D:1)
6 creatures vanquished.

Notes
Turn   | Place    | Note
-------+----------+-------------------------------------------
     0 | D:1      | M4edhros the Octopode Artificer began the quest for the
                  | Orb.
     0 | D:1      | Reached XP level 1. HP: 13/13 MP: 1/1
   116 | D:1      | Reached XP level 2. HP: 6/18 MP: 2/2
   143 | D:2      | Reached skill level 1 in Unarmed Combat
   145 | D:2      | Slain by an adder

Illustrated notes

Levels and vault maps discovered:
D:1:      minmay_arrival_stone_box, layout_basic, minmay_misc_feat_doors,
          nicolae_concentric_dashed_squares_wild, grunt_decor_junction
D:2:      layout_rooms, shapermc_ecumenical_altar_mp_vishouse,
          grunt_ministairs_12

Skill      XL: |  1  2 |
---------------+-------+-----
Unarmed Combat | 1 |  1.2
Stealth        | 2 |  2.0
Fighting       | |  1.3
Dodging        | |  2.6
Evocations     | |  3.4

Action                   || total
-------------------------++-------
Melee: Unarmed           ||    18
       Tentacles         ||     5
       Constrict         ||     5
 Stab: Sleeping          ||     1
Armor: Skin              ||     1
Dodge: Dodged            ||     6

Table legend: (Time is in decaauts)
 A = Elapsed time spent in this place.
 B = Non-inter-level travel time spent in this place.
 C = Inter-level travel time spent in this place.
 D = Time resting spent in this place.
 E = Time spent auto-exploring this place.
 F = Levels seen in this place.
 G = Mean time per level.
                   A        B        C        D        E       F      G
               +--------+--------+--------+--------+--------+-----+--------+
         Total |    144 |    127 |     17 |      0 |     89 |   2 |   72.0 |
       Dungeon |    144 |    127 |     17 |      0 |     89 |   2 |   72.0 |
               +--------+--------+--------+--------+--------+-----+--------+

Top non-repeatable levels by time:
     D:1: 133 daAuts
     D:2: 11 daAuts
